 Dungeon Crawl Stone Soup version 0.22.0-18-ge075c0d (webtiles) character file.

28 prawnwizard the Ducker (level 3, 0/28 HPs)
             Began as a Human Gladiator on Aug 18, 2018.
             Slain by an adder (4 damage)
             ... on level 2 of the Dungeon.
             The game lasted 00:01:55 (874 turns).

prawnwizard the Ducker (Human Gladiator)             Turns: 874, Time: 00:01:56

Health: 0/28       AC:  4    Str: 15    XL:     3   Next: 30%
Magic:  3/3        EV: 13    Int:  8    God:
Gold:   19         SH:  6    Dex: 14    Spells: 2/2 levels left

rFire    . . .     SeeInvis .   a - +0 long sword
rCold    . . .     Gourm    .   (no shield)
rNeg     . . .     Faith    .   b - +0 leather armour
rPois    .         Spirit   .   g - +0 helmet
rElec    .         Reflect  +   (no cloak)
rCorr    .         Harm     .   (no gloves)
MR       .....                  (no boots)
Stlth    ++........             j - +6 amulet of reflection
HPRegen  0.09/turn              p - ring of stealth
MPRegen  0.08/turn              (no ring)

@: no status effects
A: no striking features
a: no special abilities


You were on level 2 of the Dungeon.
You were not hungry.

You visited 1 branch of the dungeon, and saw 2 of its levels.

You collected 19 gold pieces.

Inventory:

Hand Weapons
 a - a +0 long sword (weapon)
Missiles
 d - 3 throwing nets (quivered)
Armour
 b - a +0 leather armour (worn)
 c - a +0 helmet
 g - a +0 helmet (worn)
Jewellery
 i - an uncursed amulet of guardian spirit
 j - a +6 amulet of reflection (around neck)
 p - a ring of stealth (left hand)
Scrolls
 e - 3 scrolls of identify {unknown}
 m - a scroll of remove curse {unknown}
 n - a scroll of teleportation {unknown}
 o - a scroll of immolation {unknown}
Potions
 h - a potion of curing {unknown}
 l - a potion of haste {unknown}
 q - a potion of heal wounds {unknown}
Comestibles
 f - a ration
 k - 3 chunks of flesh


   Skills:
 + Level 2.5 Fighting
 + Level 3.4 Long Blades
 - Level 2.0 Throwing
 + Level 3.4 Dodging


You had 2 spell levels left.
You didn't know any spells.
Your spell library was empty.

Dungeon Overview and Level Annotations

Branches:
Dungeon (2/15)

Altars:


Message History

You barely miss the goblin. The adder closely misses you.
You closely miss the adder. The leopard gecko bites you.
* * * LOW HITPOINT WARNING * * *
You block the goblin's attack. The adder bites you but does no damage.
You block the leopard gecko's attack.
You miss the adder. You block the adder's attack.
You block the goblin's attack. The leopard gecko bites you.
* * * LOW HITPOINT WARNING * * *
The adder barely misses you.
You completely miss the adder.
You feel sick.
You are no longer poisoned.
The leopard gecko bites you.
* * * LOW HITPOINT WARNING * * *
The goblin closely misses you. The adder closely misses you.
You riposte.
You barely miss the adder. You block the leopard gecko's attack.
The goblin closely misses you.
You hit the adder.
The adder is heavily wounded.
The adder bites you.
You die...

#........................(
#.......................(.
#.........###.......)..##.
#.........# #..#...).#.##.
#.........# #..#.....#.##.
#....)....# #..###.....##.
###.........# #
............ #...........#
#.#.#...#####
#.........S@# .#.###..
#.........gl####'#.#####
#........##S........#
#........##.........%
#........##.........#
#........#..........#
#........#...†......#
##########.......####
#.........


You could see an adder, a leopard gecko, a goblin and a ball python.

Vanquished Creatures
  A leopard gecko (D:1)
  2 ball pythons
  3 giant cockroaches (D:1)
  2 goblins
  5 hobgoblins
  3 jackals (D:2)
  2 frilled lizards (D:1)
  2 kobolds (D:1)
  2 rats (D:1)
22 creatures vanquished.

Vanquished Creatures (others)
  A goblin (D:2)
1 creature vanquished.

Grand Total: 23 creatures vanquished

Notes
Turn   | Place    | Note
-------+----------+-------------------------------------------
     0 | D:1      | prawnwizard the Human Gladiator began the quest for the Orb.
     0 | D:1      | Reached XP level 1. HP: 16/16 MP: 1/1
   120 | D:1      | Reached XP level 2. HP: 18/22 MP: 0/2
   790 | D:2      | Reached XP level 3. HP: 19/28 MP: 3/3
   874 | D:2      | Slain by an adder

Action                   || total
-------------------------++-------
Melee: Long sword        ||    71
Armor: Leather armour    ||    24
Dodge: Dodged            ||    84
Block: Other             ||    15
       Reflection        ||     1
       Rpst.: Long sword ||    25
